 Dungeon Crawl Stone Soup version 0.31-a0-876-gfe8ebadbca (webtiles) character file.

Game seed: 7985103679439206508

347 boo the Trooper (level 6, -2/39 HPs)
             Began as a Gargoyle Fighter on Oct 13, 2023.
             Slain by a gnoll
             ... wielding a +0 flail
              (7 damage)
             ... on level 4 of the Dungeon.
             The game lasted 00:08:12 (2990 turns).

boo the Trooper (Gargoyle Fighter)                  Turns: 2990, Time: 00:08:12

Health: -2/39      AC: 14    Str: 21    XL:     6   Next: 59%
Magic:  6/6        EV:  9    Int:  9    God:
Gold:   194        SH:  4    Dex:  9    Spells: 5/5 levels left

rFire   . . .        a - +0 flail
rCold   . . .        c - +0 buckler
rNeg    + . .        b - +0 scale mail
rPois   ∞            k - +0 helmet
rElec   +            (no cloak)
rCorr   .            (no gloves)
SInv    .            o - +0 pair of boots
Will    +....        (no amulet) Stlth
                     m - ring of willpower
HPRegen 0.26/turn    (no ring)
MPRegen 0.10/turn

%: no passive effects
@: no status effects
A: sickness immunity, AC +4, negative energy resistance 1, electricity
resistance, torment resistance 1, petrification resistance
a: no special abilities


You were on level 4 of the Dungeon.
You visited 1 branch of the dungeon, and saw 4 of its levels.

You collected 194 gold pieces.

Inventory:

Hand Weapons
 a - a +0 flail (weapon)
Armour
 b - a +0 scale mail (worn)
 c - a +0 buckler (worn)
 k - a +0 helmet (worn)
 o - a +0 pair of boots (worn)
Jewellery
 m - a ring of willpower (left hand)
Talismans
 j - a flux talisman
Wands
 d - a wand of polymorph (7)
Scrolls
 h - a scroll of amnesia
 i - a scroll of blinking {unknown}
 n - 2 scrolls of teleportation
 r - a scroll of vulnerability {unknown}
Potions
 l - a potion of heal wounds
 p - a potion of curing
 q - a potion of cancellation
 s - a potion of mutation
 t - a potion of degeneration {unknown}


   Skills:
 + Level 4.6 Fighting
 * Level 4.5 Maces & Flails
 + Level 4.4 Armour
 + Level 4.5 Shields


You had 5 spell levels left.
You didn't know any spells.
Your spell library contained the following spells:

 Spells                   Type           Power      Damage    Failure   Level
 Magic Dart               Conj           0%         1d3       78%         1
 Necrotise                Necr           0%         1d4       78%         1
 Call Imp                 Summ           0%         N/A       89%         2
 Searing Ray              Conj           0%         2d4       89%         2
 Mephitic Cloud           Conj/Pois/Air  0%         N/A       98%         3
 Vampiric Draining        Necr           0%         2d6       98%         3
 Fulminant Prism          Conj/Hex       0%         3d5       100%        4
 Agony                    Necr           0%         N/A       100%        5


Dungeon Overview and Level Annotations

Branches:
Dungeon (4/15)
 Temple: D:4-7

Altars:

Shops:
D:4 =

Annotations:
D:2 1 runed translucent door, Crazy Yiuf
D:3 exclusion: downstairs
D:4 Blork the orc


Innate Abilities, Weirdness & Mutations

You are immune to sickness and miasma.
Your stone body is resilient. (AC +4)
You are immune to poison.
You resist negative energy. (rN+)
You are resistant to electric shocks. (rElec)
You are resistant to unholy torment.
You are immune to petrification.


Message History

The gnoll shouts!
You hear a shout!
The gnoll shouts!
The gnoll shouts!
The gnoll barely misses you. The gnoll attacks as it pursues you!
The gnoll hits you from afar with a +0 halberd.
The gnoll attacks as it pursues you! The gnoll hits you but does no damage.
The gnoll attacks as it pursues you!
The gnoll hits you from afar with a +0 halberd.
The gnoll barely misses you.
You thump the gnoll!
The gnoll is severely wounded.
The gnoll hits you with a +0 halberd.
You barely miss the gnoll.
The gnoll is severely wounded.
You block the gnoll's attack. The gnoll hits you with a +0 halberd.
You barely miss the gnoll.
The gnoll is severely wounded.
The gnoll barely misses you. x3; The gnoll hits you with a +0 flail.
The gnoll hits you from afar with a +0 spear.
You hit the gnoll.
You kill the gnoll!
The gnoll barely misses you. x2
The gnoll attacks as it pursues you! The gnoll hits you with a +0 flail!
Things that are here:
a +0 halberd; a gnoll corpse You barely miss the gnoll.
The gnoll hits you with a +0 flail.
* * * LOW HITPOINT WARNING * * *
You hit the gnoll.
The gnoll is lightly wounded.
You block the gnoll's attack.
You barely miss the gnoll.
The gnoll is lightly wounded.
The gnoll barely misses you. The gnoll hits you but does no damage.
You hit the gnoll.
The gnoll is moderately wounded.
The gnoll hits you from afar with a +0 spear.
* * * LOW HITPOINT WARNING * * *
The gnoll hits you with a +0 flail!
You die...

...............#................#
...............#................#
#######+####!..#########'###....#
#######..>##...###.###....##....#
.................#.........#.....
.................#.........#.....
#..####..######g###.####..##.....
#..####### #g###.####..##.....
......# #.@.........+...... .....
#...........#...... #..###
#'########..##..... #<.#
#..##...##..##..... .......#
...#............... .o.....#
....#.......).∩..... ....g..#
#...(#............... '####g.#
############..###...# . ..# ####
#...#


You could see 2 gnolls.

Vanquished Creatures
  A scorpion (D:4)
  A hound (D:4)
  Jessica (D:3)
  An iguana (D:4)
  2 gnolls
  11 adders
  3 worms (D:2)
  A dart slug (D:2)
  2 orcs (D:3)
  3 bats (D:1)
  8 endoplasms
  2 giant cockroaches
  8 goblins
  9 hobgoblins
  7 jackals
  3 kobolds
  3 quokkas
  8 ball pythons
  4 frilled lizards
  6 rats
84 creatures vanquished.

Notes
Turn   | Place    | Note
-------+----------+-------------------------------------------
     0 | D:1      | boo the Gargoyle Fighter began the quest for the Orb.
     0 | D:1      | Reached XP level 1. HP: 14/14 MP: 1/1
     1 | D:1      | Noticed an electric eel
   104 | D:1      | Reached XP level 2. HP: 11/19 MP: 2/2
   328 | D:1      | Found a faded altar of an unknown god.
   568 | D:1      | Reached XP level 3. HP: 22/23 MP: 3/3
  1071 | D:2      | You fall into a shaft and drop 2 floors!
  1138 | D:4      | Reached XP level 4. HP: 27/29 MP: 4/4
  1185 | D:4      | Noticed a scorpion
  1205 | D:4      | Killed a scorpion
  1206 | D:4      | Reached XP level 5. HP: 25/33 MP: 5/5
  1402 | D:4      | Found Golezu's Jewellery Emporium.
  1796 | D:2      | Found a runed translucent door.
  1797 | D:2      | Noticed Crazy Yiuf
  2177 | D:3      | Reached XP level 6. HP: 39/39 MP: 6/6
  2524 | D:3      | Noticed Jessica
  2542 | D:3      | Killed Jessica
  2811 | D:4      | Noticed Blork the orc
  2990 | D:4      | Slain by a gnoll

Illustrated notes

Levels and vault maps discovered:
D:1:      arrival_aquarium_a, layout_basic,
          hellmonk_ecumenical_altar_heavens_door, minmay_misc_feat_iff,
          minmay_misc_feat_cross
D:2:      layout_basic, uniq_crazy_yiuf_cottage
D:3:      kennysheep_six_static_rooms, layout_basic, serial_curves,
          eino_curves_02, eino_curves_03, minmay_snake_closets, uniq_jessica
D:4:      layout_gridville, temple_fountains, serial_shops, shop,
          uniq_blork_the_orc

Skill      XL: |  1  2  3  4  5 |
---------------+----------------+-----
Maces & Flails | 3 4 |  4.5
Fighting       | 4 |  4.6
Armour         | 4 |  4.4
Shields        | 4 |  4.5

Action                     |  1- 3 |  4- 6 || total
---------------------------+-------+-------++-------
  Melee: Flail             |   140 |   214 ||   354
    Use: Potion            |       |     1 ||     1
         Scroll            |       |     9 ||     9
 Armour: Scale mail        |   125 |   155 ||   280
  Dodge: Dodged            |    75 |   128 ||   203
  Block: Buckler           |    31 |    48 ||    79

Table legend: (Time is in decaauts)
 A = Elapsed time spent in this place.
 B = Non-inter-level travel time spent in this place.
 C = Inter-level travel time spent in this place.
 D = Time resting spent in this place.
 E = Time spent auto-exploring this place.
 F = Levels seen in this place.
 G = Mean time per level.
                   A        B        C        D        E       F      G
               +--------+--------+--------+--------+--------+-----+--------+
         Total |   3082 |   2966 |    116 |    137 |   1957 |   4 |  770.5 |
       Dungeon |   3082 |   2966 |    116 |    137 |   1957 |   4 |  770.5 |
               +--------+--------+--------+--------+--------+-----+--------+

Top non-repeatable levels by time:
     D:3: 977 daAuts
     D:2: 784 daAuts
     D:1: 771 daAuts
     D:4: 549 daAuts
